 Dungeon Crawl Stone Soup version 0.21-a0-633-g4c047d5 (webtiles) character file.

3498 Faca the Cleaver (level 10, -9/77 HPs)
             Began as a Formicid Fighter on Dec 28, 2017.
             Was a Follower of Wu Jian.
             Mangled by a two-headed ogre
             ... wielding a +0 giant club
              (21 damage)
             ... on level 8 of the Dungeon.
             The game lasted 00:13:04 (5470 turns).

Faca the Cleaver (Formicid Fighter)                 Turns: 5470, Time: 00:13:06

Health: -9/77      AC: 11    Str: 21    XL:     10   Next: 28%
Magic:  10/10      EV:  8    Int:  9    God:    Wu Jian [*.....]
Gold:   352        SH: 12    Dex: 12    Spells: 9/9 levels left

rFire    + . .     SeeInvis +   a - +1 war axe
rCold    . . .     Gourm    .   c - +1 shield
rNeg     . . .     Faith    .   p - +0 chain mail
rPois    .         Spirit   .   (helmet unavailable)
rElec    .         Reflect  .   n - +0 cloak
rCorr    .         Harm     .   (no gloves)
MR       +....                  (no boots)
Stlth    ..........             b - amulet of regeneration
HPRegen  0.62/turn              m - ring of stealth
MPRegen  0.12/turn              v - ring of protection from fire

@: no status effects
A: permanent stasis, dig shafts and tunnels, four strong arms, antennae 3
a: Dig, Shaft Self, Renounce Religion


You were on level 8 of the Dungeon.
You worshipped Wu Jian.
Wu Jian was aware of your devotion.
You were not hungry.

You visited 2 branches of the dungeon, and saw 9 of its levels.

You collected 352 gold pieces.

Inventory:

Hand Weapons
 a - a +1 war axe (weapon)
 w - a cursed +4 battleaxe
Missiles
 k - 63 sling bullets
Armour
 c - a +1 shield (worn)
 n - a +0 cloak (worn)
 p - a +0 chain mail (worn)
Jewellery
 b - an amulet of regeneration (around neck)
 m - a ring of stealth (left hand)
 v - a ring of protection from fire (right hand)
Wands
 r - a wand of paralysis (15)
 u - a wand of disintegration (9)
Scrolls
 g - 2 scrolls of remove curse
 j - 2 scrolls of enchant armour
 q - a scroll of fog
 s - a scroll of noise {unknown}
Potions
 d - a potion of might
 e - 2 potions of heal wounds
 h - 4 potions of curing
 i - a potion of mutation
 l - 3 potions of resistance
 o - 4 potions of agility
Comestibles
 f - 14 rations


   Skills:
 + Level 6.5 Fighting
 + Level 10.3 Axes
 + Level 6.8 Armour
 - Level 0.9 Dodging
 - Level 0.2 Stealth
 + Level 8.0 Shields


You had 9 spell levels left.
You didn't know any spells.

Dungeon Overview and Level Annotations

Branches:
Dungeon (8/15)             Temple (1/1) D:5
   Lair: D:8-11

Altars:
Ashenzari
Cheibriados
Dithmenos
Elyvilon
Fedhas
Gozag
Hepliaklqana
Kikubaaqudgha
Makhleb
Nemelex Xobeh
Okawaru
Qazlal
Trog
Vehumet
Wu Jian
Xom
Yredelemnul
Zin
The Shining One

Shops:
D:5 :


Innate Abilities, Weirdness & Mutations

You cannot be hasted, slowed, berserked, paralysed or teleported.
You can dig through walls and to a lower floor.
Your four strong arms can wield two-handed weapons with a shield.
You have a pair of large antennae on your head. (SInv)


Message History

Your chain mail prevents you from hitting the two-headed ogre.
The two-headed ogre is moderately wounded.
You completely miss the centaur skeleton.
The two-headed ogre hits you with a giant club!
* * * LOW HITPOINT WARNING * * *
The two-headed ogre hits you with a giant club!
* * * LOW HITPOINT WARNING * * *
The centaur skeleton hits you but does no damage.
You slice the two-headed ogre!!
The two-headed ogre is severely wounded.
You hit the centaur skeleton. The centaur skeleton barely misses you.
You block the two-headed ogre's attack. The two-headed ogre barely misses you.
The iguana hisses menacingly.
Your shield and chain mail prevent you from hitting the two-headed ogre.
The two-headed ogre is severely wounded.
You slash the centaur skeleton!
You destroy the centaur skeleton!
The Council accepts your kill.
The two-headed ogre hits you with a giant club!!
You die...

#.#.#.#.# #...
#.#.#.#.##############...
#.#.#.#.....†.........<.
#.#.#.#.#+#+#..........
{#.#.#.#.#.#.######+#+#
#.#(#.#.#.# #^#.#.#.#.#
#.#.#.#.#.#.#
#.#.#.#@#.#.#.#
#.#.#Z#.#O#.#.#.
#.#.#.#.#{#l#.#.
#.#.#.#.# #.#. .#.#.#.# {
#.# .#.#.# #.# .#.# #.#
.# #.


You could see a two-headed ogre and an iguana.

Vanquished Creatures
  A two-headed ogre (D:6)
  Joseph (D:7)
  A hippogriff (D:7)
  A hungry ghost (D:7)
  An ice beast (D:6)
  An orc warrior (D:7)
  2 sky beasts (D:7)
  2 ogres (D:6)
  2 centaurs (D:6)
  5 bullfrogs
  4 scorpions
  The ghost of estick the Slasher, a weakling DsGl (D:3)
  4 wights (D:7)
  4 howler monkeys
  5 hounds
  2 centaur skeletons
  2 orc wizards
  Terence (D:2)
  An iguana (D:7)
  5 worker ants
  A killer bee zombie (D:6)
  8 adders
  2 oozes
  An adder zombie (D:7)
  An adder skeleton (D:6)
  5 worms
  A dart slug (D:1)
  6 leopard geckos
  31 orcs
  4 giant cockroaches
  5 goblins
  7 hobgoblins
  3 jackals (D:3)
  3 quokkas
  2 ball pythons
  7 bats
  5 frilled lizards
  6 kobolds
  A leopard gecko skeleton (D:5)
  A quokka zombie (D:7)
  9 rats
155 creatures vanquished.

Notes
Turn   | Place    | Note
-------+----------+-------------------------------------------
     0 | D:1      | Faca the Formicid Fighter began the quest for the Orb.
     0 | D:1      | Reached XP level 1. HP: 18/18 MP: 1/1
    37 | D:1      | Reached XP level 2. HP: 23/24 MP: 2/2
   495 | D:1      | Reached XP level 3. HP: 28/29 MP: 3/3
   690 | D:2      | Noticed Terence
   701 | D:2      | Killed Terence
   701 | D:2      | Reached skill level 3 in Axes
   701 | D:2      | Reached XP level 4. HP: 32/36 MP: 4/4
  1066 | D:2      | Reached XP level 5. HP: 37/42 MP: 5/5
  1415 | D:3      | Noticed a bullfrog
  1424 | D:3      | Killed a bullfrog
  1424 | D:3      | Reached skill level 4 in Axes
  1424 | D:3      | Reached XP level 6. HP: 31/48 MP: 6/6
  1747 | D:3      | Noticed estick's ghost (weakling DsGl)
  1759 | D:3      | Killed estick's ghost
  1764 | D:3      | Found a shadowy altar of Dithmenos.
  2271 | D:4      | Reached skill level 5 in Axes
  2271 | D:4      | Reached XP level 7. HP: 39/54 MP: 7/7
  2416 | D:4      | Found a sparkling altar of Nemelex Xobeh.
  2846 | D:5      | Entered Level 5 of the Dungeon
  2886 | D:5      | Reached skill level 5 in Shields
  2990 | D:5      | Found a glowing silver altar of Zin.
  3052 | D:5      | Found a staircase to the Ecumenical Temple.
  3058 | Temple   | Entered the Ecumenical Temple
  3101 | Temple   | Became a worshipper of the Wu Jian Council
  3158 | D:5      | Found Deneboeh's Book Emporium.
  3627 | D:6      | Reached skill level 6 in Axes
  3627 | D:6      | Reached XP level 8. HP: 61/61 MP: 8/8
  3806 | D:6      | Reached skill level 5 in Fighting
  3992 | D:6      | Reached skill level 7 in Axes
  3992 | D:6      | Reached skill level 5 in Armour
  4040 | D:6      | Noticed a two-headed ogre
  4054 | D:6      | Killed a two-headed ogre
  4054 | D:6      | Reached skill level 8 in Axes
  4054 | D:6      | Reached XP level 9. HP: 17/68 MP: 9/9
  4612 | D:7      | Reached skill level 9 in Axes
  4665 | D:7      | Noticed a hippogriff
  4677 | D:7      | Killed a hippogriff
  4721 | D:7      | Reached * piety under Wu Jian
  4818 | D:7      | Found a glowing silver altar of Zin.
  4845 | D:7      | Noticed Joseph
  4875 | D:7      | Killed Joseph
  4875 | D:7      | Reached XP level 10. HP: 46/76 MP: 10/10
  5085 | D:7      | Reached skill level 10 in Axes
  5251 | D:7      | Found a bloodstained altar of Trog.
  5252 | D:7      | Found an iron altar of Okawaru.
  5459 | D:8      | Noticed a two-headed ogre
  5470 | D:8      | Mangled by a two-headed ogre

Vault maps used:
D:1:      matt_arrival_diagonals, item_on_display_a
D:2:      uniq_terence
D:3:      nicolae_dithmenos_shadow_blocks
D:4:      first_ration, nemelex_xobeh_ov_fountains_minmay
D:5:      minmay_temple_entry_enclosed_plants, basic_altar, serial_shops,
          nicolae_shop_crystal, grunt_ministairs_3
D:6:      serial_park_tiny_2
D:7:      lemuel_doored_altar, grunt_temple_overflow_bloody_war,
          hangedman_minor_gate_pass, uniq_joseph
D:8:      nicolae_overflow_hidden_temple, serial_shops, shop, uniq_maurice
Temple:   eino_wide_crystal_templ

Skill      XL: |  1  2  3  4  5  6  7  8  9 10 |
---------------+-------------------------------+-----
Shields        | 4 5 6 7 8 |  8.0
Axes           | 3 4 5 6 8 9 10 | 10.3
Fighting       | 4 5 6 |  6.5
Armour         | 4 5 6 |  6.8
Dodging        | |  0.9
Stealth        | |  0.2

Action                   |  1- 3 |  4- 6 |  7- 9 | 10-12 || total
-------------------------+-------+-------+-------+-------++-------
Melee: War axe           |    65 |   148 |   239 |    85 ||   537
Invok: Lunge             |       |       |     6 |     5 ||    11
       Whirlwind         |       |       |       |     1 ||     1
 Abil: Dig               |     1 |       |       |       ||     1
  Use: Scroll            |     7 |     3 |     3 |     4 ||    17
  Eat: Ration            |       |     1 |     2 |     1 ||     4
       Chunk             |       |     1 |     3 |       ||     4
Armor: Scale mail        |    17 |    42 |       |       ||    59
       Chain mail        |       |     9 |   107 |    24 ||   140
Dodge: Dodged            |    19 |    44 |    66 |    17 ||   146
Block: Shield            |    35 |    97 |   154 |    51 ||   337

Table legend:
 A = Spawn XP
 B = Non-spawn XP
 C = Spawn XP percentage of total XP
 D = Spawn monster count
 E = Non-spawn monster count
 F = Spawn count percentage of total count
 G = Total turns spent on level
                    A         B        C        D         E        F      G
               +---------+---------+-------+---------+---------+-------+---------
         Total |       0 |    4998 |   0.0 |       0 |     155 |   0.0 |  5470
               +---------+---------+-------+---------+---------+-------+---------
           D:1 |       0 |      30 |   0.0 |       0 |      16 |   0.0 |   626
           D:2 |       0 |     157 |   0.0 |       0 |      32 |   0.0 |   788
           D:3 |       0 |     244 |   0.0 |       0 |      25 |   0.0 |   708
           D:4 |       0 |     174 |   0.0 |       0 |      21 |   0.0 |   724
           D:5 |       0 |     276 |   0.0 |       0 |      15 |   0.0 |   713
           D:6 |       0 |    1732 |   0.0 |       0 |      11 |   0.0 |   934
           D:7 |       0 |    2221 |   0.0 |       0 |      32 |   0.0 |   886
           D:8 |       0 |     164 |   0.0 |       0 |       3 |   0.0 |    38
               +---------+---------+-------+---------+---------+-------+---------
